Map: Lightshade LE

Players

Reynor - Winner!

  • Race: Zerg Zerg

uThermal

  • Race: Terran Terran

Event: DreamHack SC2 Masters 2021 Winter

VOD

Have the link to the VOD?

Description

Time

  • Played on: Oct. 14, 2021, 1:25 p.m.
  • Length: 10:45

All games in this series

Show
View Real Time Build Order
Export as new Build Order

Reynor Zerg - Winner!

Build Orders: Hatch First 

Get SALT Encoding   

  12  0:00  Drone  
  13  0:12  Overlord  
  13  0:16  Drone  
  14  0:30  Drone  
  14  0:31  Drone  
  16  0:47  Hatchery  
  15  0:51  Drone  
  15  0:54  Drone  
  17  0:57  Drone  
  18  1:09  Extractor  
  17  1:13  Spawning Pool  
  17  1:17  Drone  
  17  1:19  Drone  
  18  1:28  Drone  
  19  1:39  Drone  
  20  1:49  Overlord  
  20  2:00  Queen x2  
  20  2:01  Zergling x4  
  26  2:09  Drone  
  26  2:11  Drone  
  28  2:20  Drone  
  28  2:21  Drone  
  30  2:28  Hatchery  
  29  2:32  Metabolic Boost  
  29  2:35  Drone  
  30  2:37  Drone  
  31  2:44  Queen  
  31  2:48  Overlord  
  33  2:52  Drone  
  33  2:53  Drone  
  33  2:56  Drone  
  35  3:08  Overlord  
  35  3:11  Drone x4  
  39  3:15  Queen  
  39  3:17  Drone  
  42  3:21  Drone  
  43  3:27  Queen  
  43  3:28  Overlord  
  43  3:30  Drone  
  46  3:36  Drone  
  47  3:41  Queen  
  47  3:43  Zergling x4  
  47  3:44  Drone x2  
  53  3:49  Overlord  
  53  3:55  Drone x5  
  57  4:00  Overlord  
  58  4:03  Drone  
  58  4:05  Drone  
  60  4:11  Overlord  
  60  4:12  Drone  
  60  4:15  Queen, Baneling Nest  
  62  4:17  Drone  
  62  4:22  Drone  
  64  4:25  Lair  
  64  4:28  Drone x4  
  64  4:29  Extractor  
  64  4:30  Overlord  
  67  4:33  Queen  
  67  4:36  Spore Crawler  
  68  4:39  Zergling x2  
  68  4:40  Zergling x4  
  68  4:42  Drone x2  
  68  4:45  Spore Crawler  
  72  4:49  Spore Crawler  
  72  4:50  Drone x4  
  75  5:00  Zergling x8  
  75  5:01  Overlord  
  75  5:03  Drone x3  
  82  5:07  Overlord  
  82  5:09  Drone x3  
  82  5:11  Drone  
  82  5:12  Extractor  
  82  5:13  Drone  
  86  5:16  Extractor  
  86  5:19  Drone  
  86  5:23  Overseer  
  86  5:25  Overseer  
  86  5:28  Drone x4  
  90  5:29  Drone  
  90  5:30  Extractor x2  
  90  5:34  Spire  
  88  5:36  Drone x2  
  90  5:49  Drone x3  
  93  5:50  Drone x2, Overlord  
  93  5:54  Hatchery  
  94  6:01  Spore Crawler  
  94  6:04  Centrifugal Hooks  
  94  6:08  Evolution Chamber x2  
  92  6:12  Zergling x12  
  92  6:14  Queen, Overlord  
  98  6:20  Drone x6  
  98  6:21  Drone x2  
  98  6:22  Drone x2  
  98  6:25  Overlord  
  108  6:26  Drone  
  108  6:32  Overlord  
  108  6:34  Baneling x2  
  108  6:35  Baneling x3  
  108  6:43  Drone x2  
  108  6:45  Zergling x10  
  113  6:49  Baneling  
  113  6:50  Baneling x3  
  113  6:56  Mutalisk  
  113  6:57  Mutalisk x6  
  127  7:02  Zerg Flyer Weapons Level 1, Mutalisk  
  127  7:04  Drone  
  127  7:05  Drone  
  127  7:06  Drone  
  127  7:07  Extractor  
  127  7:08  Spore Crawler  
  130  7:10  Baneling  
  130  7:11  Baneling x2, Overlord  
  130  7:22  Drone  
  130  7:23  Drone x5  
  130  7:27  Overlord  
  135  7:32  Drone  
  135  7:34  Hatchery  
  135  7:37  Mutalisk x4  
  142  7:44  Zergling x4  
  142  7:46  Overlord  
  142  7:48  Drone x3  
  147  7:52  Spore Crawler  
  147  7:53  Baneling, Spore Crawler  
  147  7:54  Baneling x8, Zergling x14  
  147  7:57  Overlord  
  152  8:06  Zerg Ground Armor Level 1, Zergling x16  
  152  8:11  Zerg Melee Weapons Level 1  
  152  8:12  Zergling x6  
  160  8:14  Overlord  
  160  8:17  Overseer  
  160  8:20  Pneumatized Carapace  
  160  8:23  Drone x6  
  160  8:25  Zergling x4  
  168  8:29  Overlord  
  168  8:34  Baneling x11  
  168  8:35  Zergling x14  
  168  8:40  Zergling x2  
  176  8:42  Overlord  
  176  8:47  Zergling x2  
  176  8:48  Zergling x10  
  173  8:49  Baneling x8  
  173  8:51  Zergling x6  
  173  8:52  Zergling x4  
  163  9:00  Zergling x4  
  163  9:01  Zergling x8  
  163  9:02  Baneling x7  
  149  9:04  Zergling x4  
  149  9:07  Baneling x5  
  141  9:10  Zergling x10  
  141  9:14  Zergling x2  
  141  9:16  Drone  
  136  9:20  Drone x2  
  136  9:22  Zergling x2  
  135  9:28  Zergling x12  
  135  9:30  Baneling x3  
  135  9:31  Baneling x6  
  137  9:33  Zergling x2, Queen  
  137  9:37  Zergling x2  
  141  9:42  Zergling x4  
  141  9:43  Zergling x4  
  145  9:53  Zergling x2  
  145  9:54  Zergling x14  
  145  9:56  Drone x4  
  145  9:58  Mutalisk x2  
  160  10:09  Mutalisk x2  
  160  10:10  Mutalisk x3  
  160  10:13  Drone x2  
  170  10:15  Extractor  
  169  10:22  Zergling x12  
  169  10:24  Overlord  
  169  10:26  Zergling x6  
Show
View Real Time Build Order
Export as new Build Order

uThermal Terran 

Build Orders: Command Center First (CC), Hellion Banshee 

Get SALT Encoding   

  12  0:00  SCV  
  13  0:12  SCV  
  14  0:16  Supply Depot  
  14  0:24  SCV  
  15  0:38  SCV  
  16  0:50  SCV  
  17  0:58  Command Center  
  17  1:02  SCV  
  18  1:06  Refinery  
  18  1:14  SCV  
  19  1:20  Barracks  
  19  1:26  SCV  
  20  1:38  SCV  
  21  1:50  SCV  
  21  1:52  Refinery  
  22  2:07  Reaper, Orbital Command  
  23  2:11  Orbital Command  
  23  2:21  Factory  
  23  2:33  SCV  
  24  2:37  SCV  
  24  2:39  Barracks Reactor  
  25  2:45  SCV  
  25  2:49  SCV  
  27  2:53  Command Center  
  27  2:58  SCV  
  28  3:01  SCV  
  29  3:08  Starport  
  29  3:12  SCV  
  30  3:13  Supply Depot, SCV  
  33  3:20  Hellion x2  
  33  3:24  SCV, Barracks Tech Lab  
  33  3:25  SCV  
  37  3:36  SCV  
  37  3:38  SCV  
  39  3:42  Supply Depot  
  39  3:43  Hellion x2  
  43  3:49  Banshee  
  46  4:04  Hellion x2, SCV x2, Marine  
  46  4:07  Cloaking Field, Orbital Command  
  52  4:16  SCV x2  
  54  4:22  Barracks Tech Lab  
  54  4:23  Supply Depot  
  54  4:28  SCV x2  
  56  4:32  Banshee  
  56  4:33  Barracks  
  56  4:34  SCV, Barracks  
  56  4:37  Factory Reactor  
  60  4:40  Stimpack, SCV, Marine  
  60  4:42  SCV  
  63  4:45  Orbital Command  
  63  4:51  Engineering Bay  
  63  4:52  SCV, Engineering Bay  
  64  4:54  Refinery  
  64  4:55  SCV  
  64  4:57  Supply Depot  
  64  4:58  Marine  
  66  5:04  SCV  
  67  5:08  Barracks  
  67  5:09  SCV, Barracks  
  67  5:13  SCV  
  67  5:14  Refinery  
  69  5:16  SCV  
  69  5:18  Marine  
  69  5:20  Terran Infantry Weapons Level 1, Terran Infantry Armor Level 1  
  71  5:23  Factory Reactor  
  71  5:24  SCV  
  71  5:25  SCV  
  71  5:27  Marine x2  
  71  5:28  Marine  
  76  5:32  SCV  
  76  5:35  Marine  
  78  5:36  SCV  
  78  5:37  Supply Depot x2, SCV  
  78  5:38  Marine  
  78  5:39  Starport Reactor  
  81  5:44  SCV, Bunker  
  81  5:46  Marine  
  81  5:48  SCV  
  84  5:50  SCV  
  84  5:56  Supply Depot  
  85  5:57  Barracks Reactor x2  
  85  5:58  SCV, Marine x3  
  85  6:00  Widow Mine  
  85  6:03  SCV  
  85  6:04  Marine  
  93  6:06  Widow Mine  
  93  6:09  SCV  
  93  6:11  Supply Depot, SCV  
  97  6:15  Medivac x2  
  97  6:17  Marine  
  97  6:18  Marine  
  103  6:20  Combat Shield  
  103  6:23  SCV  
  103  6:24  SCV, Marine  
  106  6:26  Supply Depot  
  106  6:27  Widow Mine  
  106  6:29  SCV  
  111  6:33  Widow Mine, Marine, Armory  
  111  6:36  Marine x2  
  111  6:38  Factory  
  111  6:39  Marine  
  112  6:40  Marine x3  
  112  6:43  Marine  
  112  6:44  SCV  
  112  6:45  Supply Depot  
  117  6:47  Medivac  
  117  6:50  Widow Mine  
  117  6:52  Supply Depot  
  117  6:54  Widow Mine, SCV, Refinery, Marine  
  125  7:02  Supply Depot  
  125  7:06  Supply Depot, Marine x4  
  129  7:08  Marine x2  
  129  7:09  Marine x2  
  129  7:13  Medivac, Marine  
  129  7:14  Widow Mine  
  140  7:15  Widow Mine  
  140  7:22  Terran Infantry Weapons Level 2  
  140  7:23  Supply Depot  
  140  7:24  Marine x3  
  140  7:27  Missile Turret  
  140  7:28  Missile Turret  
  143  7:33  Terran Infantry Armor Level 2, Marine  
  143  7:34  Marine  
  142  7:39  Widow Mine x2  
  142  7:40  Widow Mine, Marine  
  147  7:44  Marine  
  147  7:45  Marine x2  
  147  7:46  Marine x2  
  147  7:50  Supply Depot, Marine  
  153  8:01  Marine x3  
  153  8:02  Supply Depot, Thor  
  153  8:03  Supply Depot  
  158  8:06  Widow Mine x2  
  158  8:11  Marine x2  
  158  8:12  Marine  
  161  8:18  Marine x2, Terran Vehicle And Ship Armor Level 1  
  161  8:19  Marine  
  163  8:22  Marine  
  163  8:23  Supply Depot, Marine  
  163  8:24  Medivac  
  163  8:26  Supply Depot  
  163  8:27  Widow Mine, Concussive Shells  
  163  8:29  Marine x2  
  163  8:30  Medivac  
  163  8:33  Widow Mine  
  171  8:47  Marine x2  
  171  8:48  Marauder, Marine  
  167  8:54  Widow Mine, Medivac  
  163  9:00  Medivac, Marine  
  163  9:01  Marine  
  141  9:16  Marine  
  141  9:17  Marine  
  126  9:18  Marine  
  126  9:22  Marine x2  
  126  9:24  Medivac  
  126  9:26  Marine  
  126  9:27  Marine x3  
  126  9:28  SCV  
  135  9:34  Marine x2, Thor  
  135  9:35  Widow Mine  
  135  9:36  Widow Mine  
  135  9:37  Marine  
  146  9:41  Marine  
  144  9:48  Supply Depot, Missile Turret  
  144  9:49  Marine  
  144  9:50  Bunker, Marine x2  
  144  9:54  Medivac  
  144  9:55  Marine x3  
  144  9:57  SCV  
  144  9:59  Widow Mine  
  152  10:00  SCV  
  152  10:03  Marine  
  152  10:04  Marauder, Marine  
  152  10:07  SCV  
  156  10:10  Marine x2  
  150  10:15  Widow Mine  
  150  10:16  Marine  
  150  10:18  Marine x2  

Tags
 
Add a new tag
Caveats
  • Supply blocks, unpowered buildings, or Contaminate may cause inaccurate times.
  • Supply counts are checked every 10 seconds.